 Dungeon Crawl Stone Soup version 0.29-a0-321-gf1c400731a (webtiles) character file.

Game seed: 7944144057619994118

1915 NinjaGaidenIII the Skirmisher (level 8, 0/73 HPs)
             Began as a Minotaur Fighter on Apr 3, 2022.
             Succumbed to Duvessa's poison
             ... on level 6 of the Dungeon.
             The game lasted 00:12:21 (5836 turns).

NinjaGaidenIII the Skirmisher (Minotaur Fighter)    Turns: 5836, Time: 00:12:21

Health: 0/73       AC: 20    Str: 21    XL:     8   Next: 95%
Magic:  7/7        EV: 22    Int:  5    God:
Gold:   349        SH:  5    Dex: 12    Spells: 7/7 levels left

rFire   . . .      SeeInvis .   F - +2 short sword (venom)
rCold   . . .      Faith    .   c - +0 buckler
rNeg    . . .      Spirit   .   K - +0 plate armour
rPois   .          Reflect  .   (helmet restricted)
rElec   .          Harm     .   B - +0 cloak
rCorr   .          Rampage  .   (no gloves)
Will    .....                   v - +0 pair of boots
Stlth   ..........              e - amulet of the acrobat
HPRegen 0.22/turn               p - +4 ring of protection
MPRegen 0.10/turn               (no ring)

@: lethally poisoned (0 -> -27), acrobatic
A: horns 2, retaliatory headbutt
a: no special abilities


You were on level 6 of the Dungeon.
You visited 2 branches of the dungeon, and saw 7 of its levels.

You collected 349 gold pieces.

Inventory:

Hand Weapons
 a - a +0 war axe
 A - a +2 falchion of protection
 F - a +2 short sword of venom (weapon)
 L - a +2 whip of electrocution
Armour
 c - a +0 buckler (worn)
 v - a +0 pair of boots (worn)
 B - a +0 cloak (worn)
 C - a +0 kite shield
 K - a +0 plate armour (worn)
Jewellery
 e - an amulet of the acrobat (around neck)
 p - a +4 ring of protection (left hand)
 s - an amulet of faith
Wands
 r - a wand of paralysis (4)
 y - a wand of flame (21)
Scrolls
 b - a scroll of enchant armour {unknown}
 f - 2 scrolls of enchant weapon {unknown}
 i - 3 scrolls of torment
 j - 2 scrolls of blinking {unknown}
 k - 3 scrolls of immolation
 m - a scroll of fog
 n - 3 scrolls of noise
 u - a scroll of brand weapon {unknown}
 E - 2 scrolls of teleportation {unknown}
 I - a scroll of acquirement {unknown}
Potions
 d - a potion of might
 g - 2 potions of berserk rage
 h - a potion of invisibility {unknown}
 l - a potion of haste {unknown}
 o - 2 potions of cancellation
 q - a potion of heal wounds {unknown}
 t - 2 potions of curing {unknown}
 w - a potion of mutation {unknown}
 x - 2 potions of degeneration
 z - 2 potions of lignification {unknown}
 D - a potion of resistance {unknown}
 G - a potion of attraction {unknown}
 H - a potion of ambrosia {unknown}
 J - a potion of brilliance {unknown}


   Skills:
 + Level 7.5 Fighting
 + Level 6.8 Axes
 + Level 7.4 Armour
 + Level 4.6 Dodging
 + Level 7.3 Shields


You had 7 spell levels left.
You didn't know any spells.
Your spell library contained the following spells:

 Spells                   Type           Power      Damage    Failure   Level
 Ensorcelled Hibernation  Hex/Ice        0%         N/A       100%        2
 Spider Form              Tmut/Pois      0%         N/A       100%        3
 Summon Guardian Golem    Hex/Summ       0%         N/A       100%        3
 Tukima's Dance           Hex            0%         N/A       100%        3
 Anguish                  Hex/Necr       0%         N/A       100%        4
 Passage of Golubria      Tloc           0%         N/A       100%        4
 Yara's Violent Unravell  Hex/Tmut       0%         3d3       100%        5
 Orb of Destruction       Conj           0%         9d5       100%        7
 Spellforged Servitor     Conj/Summ      0%         N/A       100%        7


Dungeon Overview and Level Annotations

Branches:
Dungeon (6/15)             Temple (1/1) D:4

Altars:
Cheibriados
Elyvilon
Fedhas
Gozag
Hepliaklqana
Kikubaaqudgha
Makhleb
Nemelex Xobeh
Qazlal
Ru
Sif Muna
Trog
Uskayaw
Vehumet
Wu Jian
Yredelemnul
Zin
The Shining One
Lugonu

Shops:
D:4 *   D:6 =

Annotations:
D:6 Dowan, Duvessa


Innate Abilities, Weirdness & Mutations

You have a pair of horns on your head.
You reflexively headbutt those who attack you in melee.


Message History

Dowan gestures wildly while chanting.
Dowan blinks!
Duvessa hits you with a +2 short sword of venom.
You are more poisoned.
You barely miss Duvessa. You headbutt Duvessa.
Duvessa is moderately wounded.
You feel very sick. You block Duvessa's attack.
Duvessa hits you but does no damage.
You are more poisoned.
You hit Duvessa.
Duvessa looks as sick as possible!
You headbutt Duvessa, but do no damage.
Duvessa is heavily wounded.
You feel very sick.
Dowan says, "Stay away from my face!"
You block Duvessa's attack.
You hit Duvessa.
Duvessa looks as sick as possible!
Duvessa is severely wounded.
You feel very sick. You block Duvessa's attack.
Duvessa hits you but does no damage.
You are more poisoned.
You hit Duvessa but do no damage.
Duvessa looks as sick as possible!
Duvessa is severely wounded.
You feel very sick.
Duvessa hits you with a +2 short sword of venom.
You are lethally poisoned!
Dowan gestures at you while chanting.
The puff of flame hits you but does no damage.
Duvessa hits you with a +2 short sword of venom!
* * * LOW HITPOINT WARNING * * *
* * * LOW HITPOINT WARNING * * *
You feel extremely sick.
Dowan points at you and mumbles some strange words.
The puff of flame hits you.
* * * LOW HITPOINT WARNING * * *
* * * LOW HITPOINT WARNING * * *
You feel very sick. Duvessa hits you but does no damage.
You are more poisoned.
Duvessa attacks as you move away! Duvessa misses you.
You die...

........##.........#
........##.........#
........##.........#
........##.........#
........##.........#
.....>..###.......##
........##.........#
###.....#..........#
...##...........@..#
..............e....#
.#.##..#..8........#
##..#.###.........##
###.#.#.#..8.....##
###.#.#_'...e#####
#....#.#..8.#
##....###....#
##.....#..8..#


You could see Duvessa (fast, extremely poisoned) and Dowan (poisoned).

Vanquished Creatures
  Pikel (D:6)
  Grinder (D:6)
  A steam dragon (D:6)
  2 black bears (D:5)
  A scorpion (D:6)
  5 wights (D:5)
  3 killer bees (D:6)
  3 orc priests
  2 jellies
  A hound (D:6)
  3 orc wizards
  3 gnolls (D:5)
  10 adders
  A white imp (D:6)
  3 dart slugs
  19 orcs
  5 endoplasms
  4 giant cockroaches
  8 goblins
  4 hobgoblins
  6 kobolds
  6 quokkas
  3 ball pythons
  2 bats (D:1)
  5 frilled lizards
  6 rats
108 creatures vanquished.

Notes
Turn   | Place    | Note
-------+----------+-------------------------------------------
     0 | D:1      | NinjaGaidenIII the Minotaur Fighter began the quest for the
                  | Orb.
     0 | D:1      | Reached XP level 1. HP: 19/19 MP: 0/0
   333 | D:1      | Reached XP level 2. HP: 27/27 MP: 1/1
   399 | D:1      | Found a faded altar of an unknown god.
  1145 | D:2      | Reached XP level 3. HP: 33/33 MP: 2/2
  1994 | D:3      | Reached XP level 4. HP: 36/41 MP: 3/3
  2568 | D:3      | Found a snail-covered altar of Cheibriados.
  2601 | D:3      | Found a sparkling altar of Nemelex Xobeh.
  2700 | D:4      | Reached XP level 5. HP: 43/47 MP: 4/4
  2774 | D:4      | Identified the +9 hunting sling "Death Rattle" {speed,
                  | Int+2}
  2989 | D:3      | Reached skill level 5 in Fighting
  3149 | D:4      | Reached skill level 5 in Armour
  3149 | D:4      | Reached skill level 5 in Shields
  3183 | D:4      | Reached XP level 6. HP: 53/56 MP: 5/5
  3346 | D:4      | Found a staircase to the Ecumenical Temple.
  3358 | Temple   | Entered the Ecumenical Temple
  3490 | D:4      | Found Lehir's Elemental Accessories.
  3545 | D:4      | Found a white marble altar of Elyvilon.
  3582 | D:4      | Found a stormy altar of Qazlal.
  3714 | D:5      | Entered Level 5 of the Dungeon
  3903 | D:5      | Reached skill level 1 in Dodging
  4051 | D:5      | Reached XP level 7. HP: 62/62 MP: 6/6
  4179 | D:5      | Reached skill level 5 in Axes
  4600 | D:6      | Found a glowing golden altar of the Shining One.
  4632 | D:6      | Found an opulent altar of Gozag.
  4709 | D:6      | Noticed Grinder
  4777 | D:6      | Killed Grinder
  4778 | D:6      | Reached XP level 8. HP: 58/71 MP: 7/7
  4780 | D:6      | Found a hide-covered altar of Uskayaw.
  5114 | D:6      | Found a bloodstained altar of Trog.
  5324 | D:6      | Found a glowing silver altar of Zin.
  5476 | D:6      | Found Saxaim's Jewellery Shoppe.
  5511 | D:6      | Noticed Pikel
  5527 | D:6      | Paralysed by Pikel for 6 turns
  5533 | D:6      | Killed Pikel
  5564 | D:6      | Noticed Dowan
  5816 | D:6      | Noticed Duvessa
  5836 | D:6      | Succumbed to Duvessa's poison

Illustrated notes

Levels and vault maps discovered:
D:1:      psy_arrival_radial02, layout_basic, basic_ecumenical_altar
D:2:      layout_loops_ring
D:3:      layout_loops_ring, minitemple
D:4:      layout_rooms, general_overflow_altar, lemuel_doored_altar,
          minmay_temple_entry_glass, nicolae_concentric_dashed_squares_mild,
          nicolae_elemental_shop
D:5:      layout_basic, chequers_serial_rivers_room_a, dk_vineyard_1
D:6:      layout_rooms, nicolae_uskayaw_murder_on_the_dancefloor,
          mainiacjoe_overflow_alcove_2, amcnicky_altar_gilded,
          marbit_many_paths, mainiacjoe_overflow_cross_hatched, zin_statuary,
          serial_shops, nicolae_shop_behind_doors, uniq_pikel, uniq_grinder,
          uniq_duvessa
Temple:   kb_corrupted_temple

Skill      XL: |  1  2  3  4  5  6  7  8 |
---------------+-------------------------+-----
Fighting       | 4 5 6 7 |  7.5
Shields        | 4 5 6 7 |  7.3
Armour         | 4 5 6 7 |  7.4
Axes           | 3 4 5 6 |  6.8
Dodging        | 1 3 4 |  4.6

Action                   |  1- 3 |  4- 6 |  7- 9 || total
-------------------------+-------+-------+-------++-------
Melee: War axe           |    78 |   109 |    13 ||   200
       Headbutt          |     4 |    15 |    25 ||    44
       Short sword       |       |       |    97 ||    97
  Use: Scroll            |     1 |       |     6 ||     7
Armor: Scale mail        |    26 |       |       ||    26
       Chain mail        |     4 |    75 |    64 ||   143
       Plate armour      |       |       |    30 ||    30
Dodge: Dodged            |    39 |    46 |    59 ||   144
Block: Buckler           |    13 |    22 |    30 ||    65

Table legend: (Time is in decaauts)
 A = Elapsed time spent in this place.
 B = Non-inter-level travel time spent in this place.
 C = Inter-level travel time spent in this place.
 D = Time resting spent in this place.
 E = Time spent auto-exploring this place.
 F = Levels seen in this place.
 G = Mean time per level.
                   A        B        C        D        E       F      G
               +--------+--------+--------+--------+--------+-----+--------+
         Total |   5920 |   5703 |    217 |    554 |   4034 |   7 |  845.7 |
       Dungeon |   5808 |   5610 |    198 |    554 |   3954 |   6 |  968.0 |
        Temple |    112 |     93 |     19 |      0 |     80 |   1 |  112.0 |
               +--------+--------+--------+--------+--------+-----+--------+

Top non-repeatable levels by time:
     D:3: 1366 daAuts
     D:6: 1248 daAuts
     D:1: 1142 daAuts
     D:5: 897 daAuts
     D:4: 598 daAuts
     D:2: 555 daAuts
  Temple: 112 daAuts
